[ AOE2 MATCH · #507298085 ]
UnrankedTatars vs Berbers
Player's team · WIN
Rival team · LOSS
[ REPLAY ANALYSIS · EXTRACTED FROM THE RECORDED GAME ]
Feudal
11:45
Castle
15:46
Imperial
32:46
| APM avg | 52.8 |
| APM peak | 104 |
| eAPM avg | 24.8 |
| Villagers / military | 174 / 888 |
Focus
⚔️ 44.7% · 🌾 55.3%
Scout Cavalry ×400 · Cavalry Archer ×233 · Skirmisher ×138 · Keshik ×90 · Trebuchet (Packed) ×13 · Scorpion ×10
Feudal
8:25
Castle
21:17
Imperial
27:11
| APM avg | 97.7 |
| APM peak | 140 |
| eAPM avg | 57.6 |
| Villagers / military | 297 / 931 |
Focus
⚔️ 62.0% · 🌾 38.0%
Scout Cavalry ×661 · Camel Archer ×155 · Skirmisher ×55 · Camel Scout ×40 · Bombard Cannon ×9 · Trebuchet (Packed) ×7
Match map
Initial resources + every placement click. Lines = walls · curves = elevation contours. ◆ gold · ⬟ stone · ● berries · ✦ relic · ◌ wall gap
Your base· ✓ Closed at 15:46 · 9t walls · 3 gate(s)
carbine's base· ✓ Closed at 21:17 · 2t walls · 2 gate(s)
Smoothed initial terrain · ◌ = detected wall gap · hover for details
Inputs per minute
— Riut - - carbine
Build order — Riut
First 150 of 924 actions detected
| 0:00 | Queue | Villager (Male) |
| 0:00 | Queue | Villager (Male) |
| 0:00 | Queue | Villager (Male) |
| 0:01 | Queue | Villager (Male) |
| 0:01 | Queue | Villager (Male) |
| 0:02 | Build | House |
| 0:02 | Build | House |
| 1:28 | Queue | Villager (Male) |
| 1:29 | Queue | Villager (Male) |
| 1:29 | Queue | Villager (Male) |
| 1:45 | Build | Lumber Camp |
| 1:50 | Queue | Villager (Male) |
| 1:51 | Queue | Villager (Male) |
| 2:12 | Queue | Villager (Male) |
| 2:12 | Queue | Villager (Male) |
| 2:12 | Queue | Villager (Male) |
| 2:47 | Queue | Villager (Male) |
| 2:47 | Queue | Villager (Male) |
| 2:47 | Queue | Villager (Male) |
| 2:56 | Queue | Villager (Male) |
| 2:56 | Queue | Villager (Male) |
| 2:56 | Queue | Villager (Male) |
| 2:59 | Build | House |
| 3:42 | Queue | Villager (Male) |
| 3:43 | Queue | Villager (Male) |
| 3:43 | Queue | Villager (Male) |
| 3:58 | Build | Mill |
| 4:34 | Queue | Villager (Male) |
| 4:34 | Queue | Villager (Male) |
| 4:35 | Queue | Villager (Male) |
| 4:44 | Queue | Villager (Male) |
| 4:45 | Queue | Villager (Male) |
| 5:13 | Build | House |
| 5:14 | Build | House |
| 5:31 | Queue | Villager (Male) |
| 5:31 | Queue | Villager (Male) |
| 5:31 | Queue | Villager (Male) |
| 5:58 | Queue | Villager (Male) |
| 5:58 | Queue | Villager (Male) |
| 5:58 | Queue | Villager (Male) |
| 5:59 | Build | Farm |
| 6:10 | Queue | Villager (Male) |
| 6:10 | Queue | Villager (Male) |
| 6:43 | Build | Farm |
| 6:55 | Queue | Villager (Male) |
| 6:55 | Queue | Villager (Male) |
| 6:56 | Queue | Villager (Male) |
| 6:56 | Queue | Villager (Male) |
| 7:14 | Queue | Villager (Male) |
| 7:33 | Build | Farm |
| 8:07 | Research | Loom |
| 8:07 | Queue | Villager (Male) |
| 8:08 | Queue | Villager (Male) |
| 8:20 | Queue | Villager (Male) |
| 8:23 | Build | Mining Camp |
| 9:29 | Research | Feudal Age |
| 10:07 | Build | House |
| 10:46 | Queue | Villager (Male) |
| 10:46 | Queue | Villager (Male) |
| 11:45 | Age | Feudal Age |
| 11:50 | Build | Stone Wall |
| 11:53 | Build | Blacksmith |
| 11:55 | Build | Market |
| 11:59 | Build | Stone Wall |
| 12:13 | Queue | Villager (Male) |
| 12:40 | Build | House |
| 12:41 | Build | House |
| 12:56 | Build | Watch Tower |
| 13:06 | Research | Castle Age |
| 13:06 | Research | Castle Age |
| 13:22 | Research | Fletching |
| 13:59 | Research | Double-Bit Axe |
| 15:27 | Queue | Villager (Male) |
| 15:46 | Age | Castle Age |
| 15:52 | Build | Siege Workshop |
| 15:55 | Build | Monastery |
| 15:57 | Queue | Villager (Male) |
| 16:28 | Research | Horse Collar |
| 16:29 | Queue | Villager (Male) |
| 16:39 | Queue | Mangonel |
| 16:40 | Queue | Monk |
| 16:53 | Queue | Villager (Male) |
| 17:04 | Build | Mining Camp |
| 17:20 | Queue | Villager (Male) |
| 17:20 | Queue | Villager (Male) |
| 17:20 | Queue | Villager (Male) |
| 17:22 | Research | Bow Saw |
| 18:02 | Build | House |
| 18:03 | Build | House |
| 18:18 | Queue | Villager (Male) |
| 18:48 | Build | Gate |
| 18:54 | Queue | Monk |
| 18:55 | Queue | Villager (Male) |
| 19:13 | Queue | Scorpion |
| 19:16 | Queue | Villager (Male) |
| 19:32 | Queue | Scorpion |
| 19:40 | Queue | Villager (Male) |
| 20:04 | Queue | Villager (Male) |
| 20:13 | Build | Town Center |
| 20:20 | Build | Farm |
| 20:20 | Build | Farm |
| 20:20 | Build | Farm |
| 20:20 | Build | Farm |
| 20:27 | Build | Stone Wall |
| 20:31 | Build | Farm |
| 20:32 | Queue | Villager (Male) |
| 21:04 | Queue | Villager (Male) |
| 21:24 | Queue | Scorpion |
| 21:26 | Queue | Villager (Male) |
| 21:38 | Queue | Villager (Male) |
| 21:38 | Queue | Villager (Male) |
| 21:49 | Build | Town Center |
| 22:02 | Queue | Villager (Male) |
| 22:05 | Queue | Monk |
| 22:06 | Build | Farm |
| 22:06 | Build | Farm |
| 22:06 | Build | Farm |
| 22:22 | Queue | Villager (Male) |
| 22:22 | Queue | Villager (Male) |
| 22:23 | Queue | Villager (Male) |
| 22:34 | Build | House |
| 22:50 | Queue | Villager (Male) |
| 23:06 | Queue | Villager (Male) |
| 23:06 | Queue | Villager (Male) |
| 23:06 | Queue | Villager (Male) |
| 23:07 | Queue | Villager (Male) |
| 23:14 | Build | House |
| 23:15 | Build | House |
| 23:22 | Queue | Villager (Male) |
| 23:25 | Build | Town Center |
| 23:43 | Research | Wheelbarrow |
| 23:43 | Research | Wheelbarrow |
| 23:51 | Queue | Villager (Male) |
| 23:51 | Queue | Villager (Male) |
| 23:54 | Research | Heavy Plow |
| 24:07 | Queue | Villager (Male) |
| 24:07 | Queue | Villager (Male) |
| 24:23 | Build | House |
| 24:24 | Build | House |
| 24:34 | Queue | Villager (Male) |
| 24:38 | Build | University |
| 24:41 | Queue | Scorpion |
| 24:43 | Queue | Villager (Male) |
| 24:43 | Queue | Villager (Male) |
| 25:04 | Build | Lumber Camp |
| 25:10 | Queue | Villager (Male) |
| 25:10 | Queue | Villager (Male) |
| 25:12 | Queue | Scorpion |
| 25:14 | Queue | Villager (Male) |
| 25:19 | Build | Barracks |
Build order — carbine
First 150 of 1566 actions detected
| 0:00 | Queue | Villager (Male) |
| 0:00 | Queue | Villager (Male) |
| 0:00 | Queue | Villager (Male) |
| 0:01 | Build | House |
| 0:02 | Build | House |
| 0:05 | Queue | Villager (Male) |
| 1:24 | Queue | Villager (Male) |
| 1:30 | Build | Lumber Camp |
| 1:56 | Queue | Villager (Male) |
| 2:09 | Queue | Villager (Male) |
| 2:32 | Queue | Villager (Male) |
| 3:09 | Queue | Villager (Male) |
| 3:17 | Queue | Villager (Male) |
| 3:33 | Queue | Villager (Male) |
| 3:47 | Build | Mill |
| 3:59 | Queue | Villager (Male) |
| 4:04 | Queue | Villager (Male) |
| 4:09 | Build | House |
| 4:24 | Queue | Villager (Male) |
| 4:40 | Queue | Villager (Male) |
| 4:48 | Queue | Villager (Male) |
| 5:06 | Queue | Villager (Male) |
| 5:15 | Queue | Villager (Male) |
| 5:19 | Queue | Villager (Male) |
| 5:43 | Queue | Villager (Male) |
| 5:46 | Queue | Villager (Male) |
| 6:15 | Research | Feudal Age |
| 6:45 | Queue | Villager (Male) |
| 7:02 | Queue | Villager (Male) |
| 7:16 | Build | Barracks |
| 7:26 | Queue | Villager (Male) |
| 7:36 | Queue | Villager (Male) |
| 8:02 | Build | House |
| 8:07 | Queue | Villager (Male) |
| 8:25 | Age | Feudal Age |
| 8:26 | Build | Watch Tower |
| 8:31 | Build | Archery Range |
| 8:39 | Queue | Villager (Male) |
| 8:47 | Research | Double-Bit Axe |
| 8:52 | Build | Palisade Wall |
| 8:54 | Build | Palisade Wall |
| 9:03 | Queue | Villager (Male) |
| 9:12 | Build | House |
| 9:23 | Queue | Archer |
| 9:23 | Queue | Archer |
| 9:28 | Queue | Villager (Male) |
| 9:52 | Queue | Villager (Male) |
| 9:56 | Build | Mining Camp |
| 10:04 | Queue | Villager (Male) |
| 10:32 | Queue | Villager (Male) |
| 10:38 | Build | House |
| 10:48 | Build | Watch Tower |
| 10:52 | Queue | Villager (Male) |
| 10:56 | Queue | Archer |
| 11:08 | Queue | Villager (Male) |
| 11:34 | Build | House |
| 11:39 | Queue | Villager (Male) |
| 11:42 | Queue | Villager (Male) |
| 11:44 | Build | Blacksmith |
| 11:47 | Queue | Villager (Male) |
| 12:09 | Queue | Villager (Male) |
| 12:18 | Queue | Archer |
| 12:19 | Queue | Villager (Male) |
| 12:42 | Queue | Villager (Male) |
| 12:50 | Build | Watch Tower |
| 12:58 | Research | Fletching |
| 13:12 | Queue | Villager (Male) |
| 13:37 | Build | House |
| 13:41 | Research | Loom |
| 13:47 | Queue | Villager (Male) |
| 14:02 | Queue | Villager (Male) |
| 14:08 | Build | Mining Camp |
| 14:10 | Build | Mining Camp |
| 14:11 | Queue | Villager (Male) |
| 14:15 | Build | Farm |
| 14:15 | Build | Farm |
| 14:15 | Build | Farm |
| 14:15 | Build | Farm |
| 14:15 | Build | Farm |
| 14:18 | Queue | Villager (Male) |
| 14:21 | Queue | Villager (Male) |
| 14:21 | Queue | Villager (Male) |
| 14:33 | Build | Farm |
| 14:52 | Build | Farm |
| 15:08 | Queue | Villager (Male) |
| 15:11 | Build | Farm |
| 15:20 | Queue | Villager (Male) |
| 15:26 | Build | Lumber Camp |
| 15:28 | Build | Lumber Camp |
| 15:42 | Build | Mining Camp |
| 16:15 | Build | Farm |
| 16:16 | Build | Farm |
| 16:27 | Build | Farm |
| 16:43 | Build | Farm |
| 16:47 | Build | Farm |
| 17:06 | Build | Mining Camp |
| 17:23 | Build | Farm |
| 17:32 | Build | Farm |
| 17:33 | Queue | Villager (Male) |
| 17:38 | Build | Farm |
| 17:52 | Build | Farm |
| 17:54 | Build | Farm |
| 18:05 | Queue | Villager (Male) |
| 18:12 | Build | Farm |
| 18:37 | Research | Castle Age |
| 18:43 | Build | Farm |
| 18:57 | Queue | Villager (Male) |
| 19:09 | Build | House |
| 19:19 | Queue | Villager (Male) |
| 19:28 | Queue | Villager (Male) |
| 19:57 | Research | Gold Mining |
| 19:59 | Research | Stone Mining |
| 20:12 | Queue | Villager (Male) |
| 20:13 | Build | House |
| 20:31 | Queue | Villager (Male) |
| 20:42 | Queue | Villager (Male) |
| 21:17 | Age | Castle Age |
| 21:19 | Queue | Villager (Male) |
| 21:20 | Queue | Villager (Male) |
| 21:22 | Build | Town Center |
| 21:25 | Build | Town Center |
| 21:33 | Queue | Villager (Male) |
| 21:37 | Queue | Villager (Male) |
| 21:57 | Queue | Villager (Male) |
| 22:24 | Queue | Villager (Male) |
| 22:39 | Queue | Villager (Male) |
| 22:41 | Queue | Villager (Male) |
| 22:43 | Queue | Villager (Male) |
| 22:50 | Build | Castle |
| 23:31 | Queue | Villager (Male) |
| 23:33 | Build | Farm |
| 23:38 | Build | Market |
| 23:56 | Queue | Villager (Male) |
| 24:01 | Research | Imperial Age |
| 24:03 | Queue | Camel Archer |
| 24:04 | Queue | Camel Archer |
| 24:05 | Build | Farm |
| 24:06 | Build | Farm |
| 24:08 | Build | Farm |
| 24:08 | Build | Farm |
| 24:08 | Build | Farm |
| 24:08 | Build | Farm |
| 24:14 | Queue | Villager (Male) |
| 24:29 | Queue | Camel Archer |
| 24:29 | Queue | Camel Archer |
| 24:30 | Queue | Villager (Male) |
| 24:35 | Queue | Villager (Male) |
| 24:39 | Queue | Camel Archer |
| 24:39 | Queue | Camel Archer |
| 24:45 | Queue | Camel Archer |
Match timeline
| 7:16 | carbine · first_building Barracks |
| 8:25 | carbine · age_up feudal |
| 8:31 | carbine · first_building Archery Range |
| 8:52 | carbine · wall_segment Palisade Wall x1 |
| 8:54 | carbine · wall_segment Palisade Wall x1 |
| 11:45 | Riut · age_up feudal |
| 11:50 | Riut · wall_segment Stone Wall x5 |
| 11:59 | Riut · wall_segment Stone Wall x4 |
| 13:19 | Riut · first_market_sell 100 wood |
| 13:20 | Riut · first_market_buy 100 food |
| 15:46 | Riut · age_up castle |
| 15:52 | Riut · first_building Siege Workshop |
| 15:55 | Riut · first_building Monastery |
| 20:27 | Riut · wall_segment Stone Wall x1 |
| 21:17 | carbine · age_up castle |
| 22:50 | carbine · first_building Castle |
| 25:19 | Riut · first_building Barracks |
| 26:02 | carbine · first_market_buy 100 food |
| 26:29 | Riut · first_building Archery Range |
| 27:11 | carbine · age_up imperial |
| 28:21 | carbine · first_building Siege Workshop |
| 31:05 | carbine · first_market_sell 100 wood |
| 32:02 | Riut · first_building Castle |
| 32:46 | Riut · age_up imperial |
| 35:25 | carbine · first_building Stable |
| 38:05 | Riut · first_building Stable |
| 45:54 | carbine · wall_segment Stone Wall x1 |
| 72:54 | carbine · resign |
[ AI ANALYSIS · 1 CREDIT ]
What really happened in this match?
Wolo.gg analyzes every decision: build order, eco, micro, common mistakes by bracket. Personalized analysis on WhatsApp or Discord in 30 seconds.
Civ guide
Tatars
Perfil
Jugador #1045839